 Dungeon Crawl Stone Soup version 0.18.1-6-gd335043 (webtiles) character file.

61 epen the Ruffian (level 3, 0/28 HPs)
             Began as a Draconian Transmuter on May 19, 2016.
             Was a Follower of Kikubaaqudgha.
             Slain by Terence
             ... wielding a +0 flail
              (12 damage)
             ... on level 3 of the Dungeon.
             The game lasted 00:02:26 (1969 turns).

epen the Ruffian (Draconian Transmuter)             Turns: 1969, Time: 00:02:26

Health: 0/28       AC:  8    Str: 12    XL:     3   Next: 83%
Magic:  6/6        EV: 12    Int: 14    God:    Kikubaaqudgha [*.....]
Gold:   193        SH:  0    Dex: 11    Spells: 2 memorised, 3 levels left

rFire  . . .     SeeInvis .       - Unarmed
rCold  + . .     Gourm    .     (armour unavailable)
rNeg   . . .     Faith    .     (no shield)
rPois  .         Spirit   .     (helmet restricted)
rElec  .         Dismiss  .     (no cloak)
rCorr  .         Reflect  .     (no gloves)
SustAt .         Harm     .     (no boots)
MR     .....                    (no amulet)
Stlth  +.........               t - +3 ring of protection
                                i - ring of protection from cold

@: not resistant to hostile enchantments, very unstealthy
A: unfitting armour, cold-blooded, AC +5
a: Receive Corpses, Renounce Religion


You were on level 3 of the Dungeon.
You worshipped Kikubaaqudgha.
Kikubaaqudgha was aware of your devotion.
You were hungry.

You visited 1 branch of the dungeon, and saw 3 of its levels.

You collected 193 gold pieces.

Inventory:

Missiles
 a - 34 arrows
Jewellery
 i - a ring of protection from cold (left hand)
 r - an uncursed ring of protection from cold
 t - a +3 ring of protection (right hand)
Scrolls
 d - 2 scrolls of enchant weapon {unknown}
 g - a scroll of remove curse {unknown}
 n - 5 scrolls of identify {unknown}
 p - 2 scrolls of blinking {unknown}
 s - 2 scrolls of random uselessness {unknown}
Potions
 e - 2 potions of brilliance {unknown}
 f - a potion of flight {unknown}
 h - a potion of agility {unknown}
 j - 2 potions of lignification {unknown}
 o - a potion of magic {unknown}
 q - a potion of might {unknown}
Books
 b - a book of Changes

   Spells                             Type                      Level
   a - Beastly Appendage              Transmutation                1
   b - Sticks to Snakes               Transmutation                2
   c - Spider Form                    Transmutation/Poison         3
   d - Ice Form                       Ice/Transmutation            4
   e - Blade Hands                    Transmutation                5
 u - Kikubaaqudgha's Catalogue of Evil Rites
   (Kikubaaqudgha gifted it to you on level 3 of the Dungeon)

   Spells                             Type                      Level
   a - Animate Skeleton               Necromancy                   1
   b - Corpse Rot                     Necromancy                   2
   c - Sublimation of Blood           Necromancy                   2
   d - Vampiric Draining              Necromancy                   3
   e - Control Undead                 Necromancy                   4
Comestibles
 c - 2 bread rations
 k - 2 fruits
 l - 2 meat rations
 m - a beef jerky


   Skills:
 - Level 1.1 Fighting
 + Level 2.3 Dodging
 * Level 3.5 Unarmed Combat
 + Level 2.3 Spellcasting
 * Level 2.9 Transmutations


You had 3 spell levels left.
You knew the following spells:

 Your Spells              Type           Power        Failure   Level  Hunger
a - Beastly Appendage     Trmt           #.....       10%         1    #......
b - Sticks to Snakes      Trmt           #.......     12%         2    ###....


Dungeon Overview and Level Annotations

Branches:
Dungeon (3/15)

Altars:
Cheibriados
Kikubaaqudgha
Ru
Sif Muna
Xom

Annotations:
D:3 Terence


Innate Abilities, Weirdness & Mutations

Your plain brown scales are hard (AC +5).
Your body does not fit into most forms of armour.
You are cold-blooded and may be slowed by cold attacks.


Message History

Terence shouts!
Terence hits you with a flail.
You barely miss Terence. Terence hits you with a flail.
You hit Terence.
Terence is lightly wounded.
Terence barely misses you.
You closely miss Terence.
Terence is lightly wounded.
You hit Terence.
Terence is lightly wounded.
Terence hits you with a flail!
You are feeling hungry.
You closely miss Terence.
Terence is lightly wounded.
Terence hits you with a flail.
You hit Terence but do no damage.
Terence is lightly wounded.
Terence hits you with a flail!
You die...
Kikubaaqudgha rasps: "You have failed me!
Welcome... death!"

#............#. ##.
#............#. ..
#.........####. #.
#.........# #.
###.####.........#
................#
#..............#
#.@...>.#####..#
#..@....# ##.# .
#.......# #.####.
#.......# #......
#....#..# ##.....
#....#..# ####.....
#.####..####........
...#........####.....
############.#..'.....
# #...####.....


You could see Terence.

Vanquished Creatures
  An adder (D:3)
  3 dart slugs
  3 giant geckos
  3 giant cockroaches
  6 goblins
  2 hobgoblins
  3 jackals (D:1)
  5 kobolds
  A quokka (D:2)
  6 bats
  2 giant newts
  6 rats
41 creatures vanquished.

Notes
Turn   | Place    | Note
--------------------------------------------------------------
     0 | D:1      | epen the Draconian Transmuter began the quest for the Orb.
     0 | D:1      | Reached XP level 1. HP: 16/16 MP: 3/3
   314 | D:1      | Reached XP level 2. HP: 23/23 MP: 5/5
   831 | D:2      | Found a shimmering altar of Xom.
   832 | D:2      | Found a shimmering altar of Xom.
   909 | D:2      | Found a shimmering altar of Xom.
  1188 | D:2      | Learned a level 2 spell: Sticks to Snakes
  1240 | D:2      | Reached XP level 3. HP: 27/28 MP: 6/6
  1445 | D:2      | Found a sacrificial altar of Ru.
  1680 | D:3      | Found a deep blue altar of Sif Muna.
  1769 | D:3      | Found a snail-covered altar of Cheibriados.
  1805 | D:3      | Found a faded altar to an unknown god.
  1875 | D:3      | Became a worshipper of Kikubaaqudgha
  1875 | D:3      | Reached * piety under Kikubaaqudgha
  1875 | D:3      | Received a gift from Kikubaaqudgha
  1875 | D:3      | Identified Kikubaaqudgha's Catalogue of Evil Rites (Kikubaaqudgha gifted it to you on level 3 of the Dungeon)
  1959 | D:3      | Noticed Terence
  1969 | D:3      | Slain by Terence

Skill      XL: |  1 |
---------------+----+-----
Dodging        | 2 |  2.3
Fighting       | |  1.1
Unarmed Combat | |  3.5
Spellcasting   | |  2.3
Transmutations | |  2.9

Action                   || total
-------------------------++-------
Melee: Unarmed           ||   176
       Tailslap          ||    13
       Punch             ||     1
 Stab: Sleeping          ||     1
  Eat: Chunk             ||     3
Armor: Skin              ||    67
Dodge: Dodged            ||   112
